 Dungeon Crawl Stone Soup version 0.20.1-1-g8b1a95d (webtiles) character file.

44 tsahey the Caller (level 3, -1/24 HPs)
             Began as a Mummy Summoner on Oct 31, 2017.
             Slain by a gnoll
             ... wielding a +0 spear
              (8 damage)
             ... on level 2 of the Dungeon.
             The game lasted 00:19:27 (1967 turns).

tsahey the Caller (Mummy Summoner)                  Turns: 1967, Time: 00:19:27

Health: -1/24      AC:  2    Str: 11    XL:     3   Next: 41%
Magic:  1/8        EV: 12    Int: 15    God:
Gold:   96         SH:  0    Dex: 12    Spells: 3/9 levels left

rFire    x . .     SeeInvis .   n - +0 mace
rCold    + . .     Gourm    .   (no shield)
rNeg     + + +     Faith    .   m - +0 robe
rPois    ∞         Spirit   .   (no helmet)
rElec    .         Reflect  .   (no cloak)
rCorr    .         Harm     .   (no gloves)
MR       .....                  (no boots)
Stlth    ++........             (no amulet)
Regen    0.1/turn               (no ring)
MPRegen  0.2/turn               (no ring)

@: no status effects
A: no food or potions, fire vulnerability, cold resistance 1, negative energy
resistance 3, torment resistance, unbreathing
a: no special abilities


You were on level 2 of the Dungeon.
You were not hungry.

You visited 1 branch of the dungeon, and saw 2 of its levels.

You collected 96 gold pieces.

Inventory:

Hand Weapons
 d - a +0 club
 j - a +0 club
 n - a +0 mace (weapon)
 v - a +0 mace
Missiles
 c - 40 stones
 h - 11 poisoned needles (quivered)
 i - 6 tomahawks
 p - 16 bolts
Armour
 a - a +0 robe
 m - a +0 robe (worn)
Scrolls
 e - a scroll of teleportation
 k - a scroll of identify {unknown}
 r - a scroll of remove curse {unknown}
Potions
 f - a potion of brilliance {unknown}
 g - a potion of flight {unknown}
 t - a potion of might {unknown}
 u - a potion of curing {unknown}
Books
 b - a book of Callings

   Spells                             Type                      Level
   a - Summon Small Mammal            Summoning                    1
   b - Call Imp                       Summoning                    2
   c - Call Canine Familiar           Summoning                    3
   d - Summon Guardian Golem          Hexes/Summoning              3
   e - Summon Lightning Spire         Summoning/Air                4
   f - Summon Ice Beast               Ice/Summoning                4
Comestibles
 l - a meat ration
 o - a bread ration
 q - a royal jelly


   Skills:
 + Level 0.2 Fighting
 + Level 0.2 Maces & Flails
 + Level 1.6 Dodging
 + Level 1.9 Stealth
 + Level 3.6 Spellcasting
 + Level 3.6 Summonings


You had 3 spell levels left.
You knew the following spells:

 Your Spells              Type           Power        Failure   Level  Hunger
a - Summon Small Mammal   Summ           ##..         4%          1    N/A
b - Call Imp              Summ           ##......     6%          2    N/A
c - Summon Guardian Gole  Hex/Summ       #.......     26%         3    N/A

Dungeon Overview and Level Annotations

Branches:
Dungeon (2/15)

Altars:


Innate Abilities, Weirdness & Mutations

You do not eat or drink.
Your flesh is vulnerable to fire.
You are immune to poison.
Your flesh is cold resistant. (rC+)
You are immune to negative energy. (rN+++)
You are immune to unholy pain and torment.
You can survive without breathing.


Message History

You closely miss the bat.
The bat is moderately wounded.
The bat hits you but does no damage. The bat misses your crimson imp.
The bat closely misses your crimson imp.
The bat barely misses your crimson imp.
The kobold hits your guardian golem with a short sword.
The gnoll closely misses you.
Your crimson imp closely misses the bat.
The bat hits your guardian golem but does no damage.
The kobold hits your guardian golem but does no damage.
You hit the bat.
You kill the bat!
The gnoll closely misses you. The kobold misses your crimson imp.
The gnoll hits you from afar with a spear.
* * * LOW HITPOINT WARNING * * *
You swap places.
The kobold barely misses you. The gnoll barely misses you.
You see here a bat corpse.
You swap places.
The gnoll hits you from afar with a spear!
You die...

...# #.# . ..#+#.#
#.....#
##########.....#
#..............# #
#.########.....#
########## . #.#
#...5.# #....##... #
#.# #..g8K#
#.#......# #.#
#####@# #..#....#.
#.# ### #...#..#..
#.# #.....#... #.#
#....##... #.#
#..#..###. #.#
########### #.#.#.#
#. #.#.#
#.........###..#..#
#. ..#.#
#...........##...##
#. ###.#
###...........#....##
#.


You could see a gnoll, a kobold, a friendly guardian golem and a friendly
crimson imp.

Vanquished Creatures
  An adder (D:2)
  A dart slug (D:2)
  5 bats
  A hobgoblin (D:1)
  A kobold (D:1)
  3 rats (D:1)
12 creatures vanquished.

Vanquished Creatures (collateral kills)
  3 gnolls (D:2)
  An ooze (D:2)
  2 dart slugs (D:2)
  A giant cockroach (D:1)
  A goblin (D:2)
  3 hobgoblins (D:1)
  A ball python (D:1)
  A frilled lizard (D:1)
  A kobold (D:1)
14 creatures vanquished.

Grand Total: 26 creatures vanquished

Notes
Turn   | Place    | Note
-------+----------+-------------------------------------------
     0 | D:1      | tsahey the Mummy Summoner began the quest for the Orb.
     0 | D:1      | Reached XP level 1. HP: 13/13 MP: 4/4
   799 | D:1      | Reached XP level 2. HP: 19/19 MP: 5/5
   805 | D:1      | Learned a level 2 spell: Call Imp
  1490 | D:2      | Reached XP level 3. HP: 24/24 MP: 2/7
  1504 | D:2      | Learned a level 3 spell: Summon Guardian Golem
  1967 | D:2      | Slain by a gnoll

Skill      XL: |  1  2 |
---------------+-------+-----
Spellcasting   | 3 |  3.6
Fighting       | |  0.2
Maces & Flails | |  0.2
Dodging        | |  1.6
Stealth        | |  1.9
Summonings     | |  3.6

Action                   || total
-------------------------++-------
Melee: Club              ||    30
       Unarmed           ||    18
       Mace              ||    13
Throw: Tomahawk          ||     1
 Cast: Summon Small Mamm ||    12
       Call Imp          ||    18
       Summon Guardian G ||     5
  Use: Scroll            ||     2
 Stab: Sleeping          ||     2
Armor: Robe              ||    13
Dodge: Dodged            ||    73
